 Dungeon Crawl Stone Soup version 0.31.0-11-ge490571c62 (webtiles) character file.

Game seed: 5596595027820038390

41 qw the Shooter (level 3, -7/20 HPs)
             Began as a Deep Elf Hunter on Feb 5, 2024.
             Mangled by a gnoll
             ... wielding a +4 spear
              (10 damage)
             ... on level 2 of the Dungeon.
             The game lasted 00:00:21 (883 turns).

qw the Shooter (Deep Elf Hunter)                     Turns: 883, Time: 00:00:21

Health: -7/20      AC:  5    Str: 10    XL:     3   Next: 32%
Magic:  5/5        EV: 11    Int: 13    God:
Gold:   50         SH:  0    Dex: 18    Spells: 2/2 levels left

rFire   . . .        a - +0 shortbow
rCold   . . .        (shield currently unavailable)
rNeg    . . .        i - +0 ring mail
rPois   .            (no helmet)
rElec   .            (no cloak)
rCorr   .            (no gloves)
SInv    .            (no boots)
Will    .....        (no amulet)
Stlth   +            (no ring)
HPRegen 0.23/turn    (no ring)
MPRegen 0.09/turn

%: no passive effects
@: no status effects
A: no striking features
a: no special abilities


You were on level 2 of the Dungeon.
You visited 1 branch of the dungeon, and saw 2 of its levels.

You collected 50 gold pieces.


   Skills:
 - Level 1.5 Fighting
 + Level 6.9 Ranged Weapons
 - Level 2.4 Dodging
 - Level 1.2 Stealth


You had 2 spell levels left.
You didn't know any spells.
Your spell library was empty.

Inventory:

Hand Weapons
 a - a +0 shortbow (weapon)
Armour
 i - a +0 ring mail (worn)
Scrolls
 b - a scroll of teleportation {unknown}
 c - a scroll of brand weapon {unknown}
 g - a scroll of blinking {unknown}
 h - a scroll of revelation {unknown}
Potions
 d - a potion of resistance
 e - a potion of heal wounds {unknown}
 f - a potion of haste {unknown}

Dungeon Overview and Level Annotations

Branches:
Dungeon (2/15)

Altars:


Message History

The gnoll shouts!
You hear a shout! x2
You shoot an arrow. The arrow closely misses the gnoll.
A gnoll comes into view. It is wielding a +4 spear.
You shoot an arrow.
The arrow hits the gnoll but does no damage.
A gnoll comes into view. It is wielding a +0 spear.
Enter note: You shoot an arrow.
The arrow barely misses the gnoll.
A gnoll comes into view. It is wielding a +0 halberd.
You shoot an arrow. The gnoll shouts!
The arrow hits the gnoll but does no damage.
The gnoll hits you with a +0 whip. The gnoll barely misses you.
The gnoll hits you from afar with a +4 spear.
You shoot an arrow. The arrow hits the gnoll!
The gnoll is heavily wounded.
The gnoll hits you from afar with a +4 spear.
The gnoll barely misses you.
Enter note:
879 ||| RETREEEEATING.
You see here a +0 whip.
Enter note: You shoot an arrow.
The arrow barely misses the gnoll.
The arrow hits the gnoll but does no damage.
The gnoll hits you with a +0 whip.
You shoot an arrow. The arrow completely misses the gnoll.
The arrow hits the gnoll!
The gnoll is severely wounded.
The gnoll hits you from afar with a +4 spear.
The gnoll hits you but does no damage.
A quokka comes into view.
You shoot an arrow. The arrow hits the gnoll!
The gnoll is almost dead.
The gnoll barely misses you. The gnoll hits you but does no damage.
You shoot an arrow. The arrow hits the gnoll!
You kill the gnoll!
The gnoll hits you from afar with a +4 spear.
The gnoll hits you from afar with a +4 spear!
Ouch! That really hurt!
You die...

#.# ######.#
.......########## .. #
................###.....#
.........###...........)#
.#####.....#.##.###..>..
.#####.###.#.##.# ..
.......# #....#.###g#.#.#
.#####.###.#..#.@)ggr....
## #.....#..#####.#.#.#
###.###..# ..
########.###..# #/.
...(....#.....# .#
.#######.###.## # .#
#.###.### .# #.#...[.# .#
#.#.....###...


You could see 3 gnolls and a quokka.

Vanquished Creatures
  A gnoll (D:2)
  2 dart slugs (D:1)
  A bat (D:2)
  5 endoplasms
  A giant cockroach (D:1)
  2 goblins
  2 hobgoblins
  6 jackals (D:1)
  2 quokkas (D:1)
  5 ball pythons
  3 kobolds
  2 rats (D:1)
32 creatures vanquished.

Notes
Turn   | Place    | Note
-------+----------+-------------------------------------------
     0 | D:1      | qw the Deep Elf Hunter began the quest for the Orb.
     0 | D:1      | Reached XP level 1. HP: 12/12 MP: 3/3
     0 | D:1      | 0 ||| qw: Version: 0.3-a-160-g6735b56
     0 | D:1      | 0 ||| qw: Game counter: 6413
     0 | D:1      | 0 ||| qw: Melee chars always use a shield: true
     0 | D:1      | 0 ||| qw: God list: Okawaru
     0 | D:1      | 0 ||| qw: Allow faded altars: false
     0 | D:1      | 0 ||| qw: Do Orc after clearing Dungeon:15 true
     0 | D:1      | 0 ||| qw: Do second Lair branch before Depths: true
     0 | D:1      | 0 ||| qw: Lair rune preference: random
     0 | D:1      | 0 ||| qw: Goals: Normal
     0 | D:1      | 0 ||| PLANNING D:1-11
    93 | D:1      | Reached skill level 6 in Ranged Weapons
    93 | D:1      | Reached XP level 2. HP: 16/16 MP: 4/4
   393 | D:1      | Reached XP level 3. HP: 20/20 MP: 5/5
   638 | D:1      | 638 ||| UPGRADING to +0 ring mail.
   648 | D:1      | 648 ||| DROPPING +0 leather armour.
   649 | D:1      | 649 ||| DROPPING ring of wizardry.
   650 | D:1      | 650 ||| READING 2 scrolls labelled VYIVYI ECZIRU.
   651 | D:1      | 651 ||| READING scroll labelled BENUCI HAUSEVOTZU.
   651 | D:1      | 651 ||| IDENTIFYING fizzy black potion
   652 | D:1      | 652 ||| DROPPING scroll of butterflies.
   653 | D:1      | 653 ||| DROPPING scroll of amnesia.
   879 | D:2      | 879 ||| RETREEEEATING.
   881 | D:2      | HP: 4/20 [gnoll/+4 spear (3)]
   883 | D:2      | Mangled by a gnoll

Levels and vault maps discovered:
D:1:      tarquinn_simple_flora_water_c, layout_basic, minmay_domino_4
D:2:      layout_loops_ring, minmay_split_cup_large

Skill      XL: |  1 |
---------------+----+-----
Ranged Weapons | 6 |  6.9
Fighting       | |  1.5
Dodging        | |  2.4
Stealth        | |  1.2

Action                     || total
---------------------------++-------
   Fire: Shortbow          ||    79
    Use: Scroll            ||     2
 Armour: Leather armour    ||    11
         Ring mail         ||    13
  Dodge: Dodged            ||    13

Table legend:
 A = Non-vault XP
 B = Vault XP
 C = Vault XP percentage of total XP
 D = Non-vault monster count
 E = Vault monster count
 F = Vault count percentage of total count
                 A         B        C        D         E       F
            +---------+---------+-------+---------+---------+-------
      Total |      66 |       8 |  10.8 |      29 |       3 |   9.4
            +---------+---------+-------+---------+---------+-------
        D:1 |      35 |       8 |  18.6 |      20 |       3 |  13.0
        D:2 |      31 |       0 |   0.0 |       9 |       0 |   0.0
            +---------+---------+-------+---------+---------+-------
